 Dungeon Crawl Stone Soup version 0.31-a0-182-gc5ef74bbde (webtiles) character file.

Game seed: 3940759637280554368

13080 Ofeo the Basher (level 11, -6/100 HPs)
             Began as an Armataur Reaver on June 20, 2023.
             Was an Initiate of Gozag.
             Killed from afar by a lindwurm (30 damage)
             ... with a blast of flame
             ... summoned by Kirke
             ... on level 12 of the Dungeon on June 21, 2023.
             The game lasted 00:33:51 (19231 turns).

Ofeo the Basher (Armataur Reaver)                  Turns: 19231, Time: 00:33:52

Health: -6/100     AC: 11    Str: 21    XL:     11   Next: 70%
Magic:  21/21      EV: 11    Int: 13    God:    Gozag
Gold:   2058       SH:  0    Dex: 10    Spells: 21/24 levels left

rFire   . . .        a - +4 morningstar (flame)
rCold   . . .        (no shield)
rNeg    . . .        f - +1 leather armour {rPois}
rPois   +            C - +2 helmet
rElec   .            c - +0 cloak
rCorr   .            o - +0 pair of gloves
SInv    .            (no barding)
Will    .....        (no amulet)
Stlth   +            (no ring)
HPRegen 0.36/turn    (no ring)
MPRegen 0.17/turn

%: roll
@: gold aura
A: large, rugged brown scales 3, deformed body, armoured tail, roll, long
tongue, awkward tongue
a: Renounce Religion, Potion Petition, Call Merchant, Bribe Branch


You were on level 12 of the Dungeon.
You worshipped Gozag.
Gozag was most pleased with you.
You visited 2 branches of the dungeon, and saw 13 of its levels.

You collected 2964 gold pieces.
You paid 906 gold pieces to Gozag.

Inventory:

Hand Weapons
 a - a +4 morningstar of flaming (weapon)
 b - a +2 whip of draining
Missiles
 m - 2 throwing nets
Armour
 c - a +0 cloak (worn)
 f - a +1 leather armour of poison resistance (worn)
 o - a +0 pair of gloves (worn)
 r - a +0 kite shield
 x - a +0 plate armour
 B - +0 steam dragon scales
 C - a +2 helmet (worn)
Wands
 d - a wand of flame (9)
 l - a wand of mindburst (6)
 z - a wand of polymorph (4)
Scrolls
 g - 2 scrolls of fog
 h - a scroll of fear
 i - a scroll of identify {@r1}
 j - a scroll of teleportation {@r3}
 k - a scroll of butterflies
 t - a scroll of amnesia
 y - a scroll of revelation
 E - a scroll of enchant weapon
 F - a scroll of immolation
Potions
 e - a potion of degeneration
 n - 3 potions of mutation
 p - a potion of attraction
 q - 2 potions of curing {@q1}
 u - 2 potions of ambrosia
 v - a potion of might {@q4}
 w - a potion of cancellation
 A - a potion of brilliance
 D - a potion of berserk rage


   Skills:
 + Level 7.8 Fighting
 + Level 8.2 Maces & Flails
 + Level 4.5 Armour
 + Level 6.6 Dodging
 + Level 7.2 Spellcasting
 + Level 8.1 Conjurations


You had 21 spell levels left.
You knew the following spells:

 Your Spells              Type           Power      Damage    Failure   Level
a - Kiss of Death         Conj/Necr      60%        2d10      3%          1
b - Momentum Strike       Conj/Tloc      30%        3d8       4%          2

Your spell library contained the following spells:

 Spells                   Type           Power      Damage    Failure   Level
 Shock                    Conj/Air       60%        1d6       3%          1
 Dazzling Flash           Conj/Hex       30%        N/A       10%         3
 Hailstorm                Conj/Ice       15%        3d5       10%         3
 Freeze                   Ice            16%        1d4       17%         1
 Ensorcelled Hibernation  Hex/Ice        8%         N/A       26%         2
 Passwall                 Tmut/Erth      3%         N/A       26%         2
 Iskenderun's Mystic Bla  Conj/Tloc      15%        2d5       32%         4
 Frozen Ramparts          Ice            8%         1d2       45%         3
 Swiftness                Air            4%         N/A       45%         3
 Volatile Blastmotes      Fire/Tloc      8%         2d10      45%         3
 Airstrike                Air            2%         2d(1-17)  86%         4
 Starburst                Conj/Fire      7%         6d4       99%         6


Dungeon Overview and Level Annotations

Branches:
Dungeon (12/15)            Temple (1/1) D:5            Lair (0/5) D:10
    Orc (0/2) D:12

Altars:
Ashenzari
Cheibriados
Dithmenos
Elyvilon
Gozag
Hepliaklqana
Kikubaaqudgha
Makhleb
Nemelex Xobeh
Okawaru
Qazlal
Ru
Sif Muna
Trog
Uskayaw
Vehumet
Wu Jian
Xom
Yredelemnul
Zin
The Shining One

Shops:
D:6 ((

Annotations:
D:8 2 transporters, pigah's ghost, novice OpWn
D:10 2 runed translucent doors, 1 transporter
D:12 Kirke
Temple 2 transporters


Innate Abilities, Weirdness & Mutations

You are completely covered in rugged brown scales. (AC +3, +7% HP)
Armour fits poorly on your strangely shaped body.
You have a long armoured tail.
You roll when moving toward enemies. (Rampage)
Your long tongue fully drains potion bottles. (2x potion effects)
Your tongue gives you trouble enunciating. (1.5x scroll delay)


Message History

Something hits you but does no damage.
Something unexpectedly blocked you, preventing you from rolling!
You impale something!! You burn something! You tail-slap something!
The hog is distracted by your dazzling golden aura.
Something hits you but does no damage.
Something unexpectedly blocked you, preventing you from rolling!
You barely miss something.
The hog squeals angrily.
Something barely misses you.
Something unexpectedly blocked you, preventing you from rolling!
You closely miss something. Something hits you but does no damage.
Something unexpectedly blocked you, preventing you from rolling!
You sock something! You burn something. You tail-slap something.
Something hits you.
You take 5 damage, and have 33/100 hp.
Something unexpectedly blocked you, preventing you from rolling!
You impale something!! You burn something.
The hog is no longer distracted by gold.
The hog is distracted by your dazzling golden aura.
Something hits you!
* * * LOW HITPOINT WARNING * * *
The hog squeals angrily.
You take 9 damage, and have 24/100 hp.
Something unexpectedly blocked you, preventing you from rolling!
You miss something. You tail-slap something.
The hog is no longer distracted by gold.
Something hits you but does no damage.
Something unexpectedly blocked you, preventing you from rolling!
You closely miss something.
Your tail-slap misses something.
You hear some strange, mumbled words.
Something summons a lindwurm!
The hog is distracted by your dazzling golden aura.
The hog squeals angrily.
Something unexpectedly blocked you, preventing you from rolling!
You puncture something! You burn something. Something hits you.
* * * LOW HITPOINT WARNING * * *
The lindwurm breathes flames at you. The blast of flame hits you!!
You die...
Your body crumbles into a pile of gold.

#.#..#.##..#..###..##.
#.##.##.#.#..##.##.##.
..#..#.....#.......##.
...##..##.##......####.
....####.#.##.##..#.####
.....####...####.#...#.##
......##.#.#..##...#.#....
.......#.k#.#..#..#.....##.
......#.#@##.###.#########
.# ......###{########### #
... ........#hh.........# #
.... ....>...##..........#
# #..#
>.......##........... .
...# ........##...........
. ...#
........##........... #..#
.......h.$..#........ #..#
.......h....#...###..


You could see a lindwurm (summoned, catching breath) and 2 hogs.

Vanquished Creatures
  Harold (D:10)
  A two-headed ogre (D:9)
  Pikel (D:6)
  An orc sorcerer (D:12)
  A manticore (D:12)
  Maggie (D:7)
  An unseen horror (D:12)
  2 kobold demonologists
  5 trolls
  Prince Ribbit (D:5)
  5 wraiths
  2 vampires
  2 wyverns
  4 shadows
  12 yaks
  A hog (D:12)
  4 vampire mosquitoes (D:12)
  Menkaure (D:7)
  2 acid dragons
  Duvessa (D:7)
  A water moccasin (D:5)
  An orc warrior (D:11)
  3 black bears
  2 ice beasts
  A sky beast (D:7)
  2 ogres
  2 centaurs (D:8)
  2 phantoms (D:12)
  3 kobold brigands
  3 bullfrogs
  A gnoll sergeant (D:9)
  4 scorpions
  Dowan (D:7)
  10 killer bees
  3 howler monkeys
  3 quasits (D:4)
  3 orc priests
  4 hounds
  A jelly (D:5)
  3 iguanas
  3 sleepcaps
  4 orc wizards
  6 ogre zombies (D:12)
  11 gnolls
  12 adders
  5 shadow imps (D:4)
  6 white imps
  An ufetubus (D:4)
  3 worms
  2 dart slugs
  46 orcs
  6 bats
  8 endoplasms
  3 giant cockroaches
  9 goblins
  7 hobgoblins
  4 jackals (D:2)
  4 quokkas
  7 ball pythons
  A frilled lizard (D:2)
  A goblin skeleton (D:12)
  2 goblin zombies (D:12)
  3 hobgoblin skeletons (D:12)
  3 hobgoblin zombies (D:12)
  23 kobolds
  An orc skeleton (D:12)
  9 orc zombies (D:12)
  3 rats (D:1)
295 creatures vanquished.

Notes
Turn   | Place    | Note
-------+----------+-------------------------------------------
     0 | D:1      | Ofeo the Armataur Reaver began the quest for the Orb.
     0 | D:1      | Reached XP level 1. HP: 18/18 MP: 3/3
   163 | D:1      | Reached XP level 2. HP: 23/25 MP: 4/4
   194 | D:1      | Learned a level 2 spell: Momentum Strike
   477 | D:1      | Reached XP level 3. HP: 24/31 MP: 6/6
   883 | D:2      | Reached XP level 4. HP: 17/39 MP: 7/7
  1054 | D:2      | Found a faded altar of an unknown god.
  1489 | D:3      | Identified the +2 robe "Dehaoja" {Will+ Str+2 Dex-2}
  2046 | D:3      | Reached XP level 5. HP: 29/44 MP: 8/8
  2502 | D:4      | Reached XP level 6. HP: 38/53 MP: 10/10
  3221 | D:4      | Reached XP level 7. HP: 55/60 MP: 11/11
  3996 | D:5      | Entered Level 5 of the Dungeon
  4558 | D:5      | Found a staircase to the Ecumenical Temple.
  4884 | Temple   | Entered the Ecumenical Temple
  4884 | Temple   | Found a transporter.
  4884 | Temple   | Found a transporter.
  4886 | Temple   | Found a transporter.
  4886 | Temple   | Found a transporter.
  4907 | Temple   | Became a worshipper of Gozag Ym Sagoz the Greedy
  5100 | D:5      | Noticed Prince Ribbit
  5311 | D:5      | Killed Prince Ribbit
  5312 | D:5      | Reached XP level 8. HP: 70/70 MP: 13/13
  5925 | D:5      | Reached skill level 5 in Conjurations
  6106 | D:6      | Reached skill level 5 in Maces & Flails
  6491 | D:6      | Found Mycytala's Weapon Boutique.
  6610 | D:6      | Noticed Pikel
  6662 | D:6      | Killed Pikel
  6663 | D:6      | Reached skill level 5 in Fighting
  6663 | D:6      | Reached XP level 9. HP: 40/79 MP: 14/16
  6840 | D:6      | Found Boezuxke's Weapon Boutique.
  7027 | D:7      | You fall into a shaft and drop 1 floor!
  7274 | D:8      | Found a transporter.
  7277 | D:8      | Found a transporter.
  7277 | D:8      | Noticed pigah's ghost (novice OpWn)
  7280 | D:8      | Noticed a centaur warrior
  7313 | D:8      | Reached skill level 5 in Spellcasting
  7482 | D:7      | Found a shimmering blue altar of Sif Muna.
  7482 | D:7      | Found a glowing silver altar of Zin.
  7482 | D:7      | Found an ornate altar of the Wu Jian Council.
  7511 | D:7      | Noticed Menkaure
  7838 | D:7      | Killed Menkaure
  8027 | D:7      | Noticed Duvessa
  8065 | D:7      | Noticed Dowan
  8074 | D:7      | Killed Duvessa
  8082 | D:7      | Killed Dowan
  8407 | D:7      | Noticed Maggie
  8446 | D:7      | Killed Maggie
  8447 | D:7      | Reached skill level 5 in Dodging
  9143 | D:7      | Reached XP level 10. HP: 69/88 MP: 18/18
  9311 | D:8      | Noticed a two-headed ogre
  9327 | D:8      | HP: 2/88 [two-headed ogre/+0 giant spiked club (24)]
 10314 | D:7      | Found a shimmering blue altar of Sif Muna.
 10314 | D:7      | Found a glowing silver altar of Zin.
 10314 | D:7      | Found an ornate altar of the Wu Jian Council.
 12820 | D:9      | Noticed a two-headed ogre
 13549 | D:9      | Killed a two-headed ogre
 13994 | D:10     | Entered Level 10 of the Dungeon
 14054 | D:10     | Found a runed translucent door.
 14056 | D:10     | Found a runed translucent door.
 14854 | D:10     | Found a staircase to the Lair.
 15173 | D:10     | Reached skill level 1 in Armour
 15230 | D:10     | Reached XP level 11. HP: 59/98 MP: 20/20
 15421 | D:10     | Noticed Harold
 15427 | D:10     | Killed Harold
 15566 | D:10     | Found a transporter.
 15940 | D:11     | Noticed a soul eater
 18271 | D:12     | Identified a scroll of acquirement
 18271 | D:12     | Acquired 912 gold pieces
 18639 | D:12     | Found a staircase to the Orcish Mines.
 18639 | D:12     | Noticed an orc sorcerer
 18640 | D:12     | Killed an orc sorcerer
 19204 | D:12     | Noticed Kirke
 19231 | D:12     | Noticed a lindwurm
 19231 | D:12     | Killed from afar by a lindwurm

Illustrated notes

Levels and vault maps discovered:
D:1:      grunt_arrival_lava_bath, layout_basic
D:2:      layout_basic, shapermc_ecumenical_altar_mp_urbaneastern
D:3:      layout_loops_corners
D:4:      layout_rooms, serial_demonic, serial_demonic_a, serial_demonic_a,
          serial_demonic_d, serial_demonic_a, serial_demonic_c, serial_demonic_a
D:5:      layout_basic, minmay_temple_entry_sparse_star, uniq_prince_ribbit1
D:6:      layout_rooms, serial_shops, nicolae_shop_bloodbath_and_beyond, shop,
          uniq_pikel
D:7:      layout_cave_pools, gammafunk_temple_overflow_forgotten, uniq_maggie,
          uniq_menkaure, uniq_duvessa
D:8:      layout_rooms, special_room [special_room_orc], gammafunk_ghost_arena
D:9:      hellmonk_crumbling_castle, layout_rooms
D:10:     lemuel_insect_pit, layout_small_grid, grunt_lair_entry_orc_guard_hut,
          nicolae_diode_basic, uniq_harold
D:11:     layout_gridville, grunt_ministairs_11
D:12:     layout_long_grid, zombieorc1_lemuel, uniq_kirke
Temple:   hellmonk_temple_divided_pantheon

Skill      XL: |  1  2  3  4  5  6  7  8  9 10 11 |
---------------+----------------------------------+-----
Fighting       | 2 3 4 5 6 7 |  7.8
Spellcasting   | 2 3 4 5 6 7 |  7.2
Conjurations   | 3 4 5 6 7 8 |  8.1
Maces & Flails | 3 4 5 6 7 8 |  8.2
Dodging        | 2 3 4 5 6 |  6.6
Armour         | 1 4 |  4.5

Action                     |  1- 3 |  4- 6 |  7- 9 | 10-12 || total
---------------------------+-------+-------+-------+-------++-------
  Melee: Mace              |    31 |       |       |       ||    31
         Tailslap          |    11 |    25 |    69 |    65 ||   170
         Whip              |    70 |   246 |   502 |    66 ||   884
         Punch             |       |     2 |     2 |     5 ||     9
         Morningstar       |       |       |    37 |   427 ||   464
 Invoke: Potion Petition   |       |       |       |     2 ||     2
  Evoke: Wand              |       |       |       |    12 ||    12
    Use: Scroll            |     2 |     5 |     6 |    14 ||    27
         Potion            |       |       |     6 |     8 ||    14
   Stab: Invisible         |       |       |     4 |       ||     4
         Distracted        |       |       |     1 |     1 ||     2
 Armour: Leather armour    |    40 |       |       |   195 ||   235
         Ring mail         |       |   144 |   217 |       ||   361
         Skin              |       |       |     6 |       ||     6
         Steam dragon scal |       |       |    20 |    72 ||    92
  Dodge: Dodged            |    57 |   136 |   238 |   357 ||   788

Table legend: (Time is in decaauts)
 A = Elapsed time spent in this place.
 B = Non-inter-level travel time spent in this place.
 C = Inter-level travel time spent in this place.
 D = Time resting spent in this place.
 E = Time spent auto-exploring this place.
 F = Levels seen in this place.
 G = Mean time per level.
                   A        B        C        D        E       F      G
               +--------+--------+--------+--------+--------+-----+--------+
         Total |  19262 |  18384 |    878 |   5636 |   8901 |  13 | 1481.7 |
       Dungeon |  19222 |  18353 |    869 |   5636 |   8896 |  12 | 1601.8 |
        Temple |     39 |     30 |      9 |      0 |      5 |   1 |   39.0 |
               +--------+--------+--------+--------+--------+-----+--------+

Top non-repeatable levels by time:
     D:9: 2390 daAuts
     D:7: 2361 daAuts
     D:8: 2021 daAuts
     D:5: 2018 daAuts
     D:6: 1800 daAuts
    D:11: 1639 daAuts
    D:10: 1610 daAuts
    D:12: 1403 daAuts
     D:4: 1303 daAuts
     D:3: 1201 daAuts
     D:1: 784 daAuts
     D:2: 689 daAuts
  Temple: 39 daAuts
